 Dungeon Crawl Stone Soup version 0.30-a0-458-g86641cc369 (webtiles) character file.

Game seed: 3369263981456317629

277 cforsyth the Shield-Bearer (level 6, -2/61 HPs)
             Began as a Troll Fighter on Dec 14, 2022.
             Splashed by a jelly's acid (3 damage)
             ... on level 4 of the Dungeon.
             The game lasted 00:03:46 (2729 turns).

cforsyth the Shield-Bearer (Troll Fighter)          Turns: 2729, Time: 00:03:47

Health: -2/61      AC: -8    Str: 25    XL:     6   Next: 4%
Magic:  5/5        EV:  9    Int:  6    God:
Gold:   165        SH:  7    Dex:  9    Spells: 5/5 levels left

rFire   . . .      SeeInvis .      - Unarmed
rCold   . . .      Faith    .    b - +0 kite shield
rNeg    . . .      Spirit   .    a - +0 robe
rPois   .          Reflect  .    (helmet restricted)
rElec   .          Harm     .    (no cloak)
rCorr   .          Rampage  .    (gloves unavailable)
Will    .....                    (boots unavailable)
Stlth   +.........               (no amulet)
HPRegen 1.10/turn                q - +4 ring of protection
MPRegen 0.09/turn                (no ring)

@: mighty, corroded
A: large, unfitting armour, claws 3, regeneration 1, shaggy fur 1, tough skin 1
a: no special abilities


You were on level 4 of the Dungeon.
You visited 1 branch of the dungeon, and saw 4 of its levels.

You collected 201 gold pieces.
You spent 36 gold pieces at shops.

Inventory:

Armour
 a - a +0 robe (worn)
 b - a +0 kite shield (worn)
Jewellery
 q - a +4 ring of protection (left claw)
 u - an amulet of magic regeneration
 y - a ring of fire
Wands
 k - a wand of flame (12)
 x - a wand of roots (11)
Scrolls
 d - 4 scrolls of identify {unknown}
 e - 2 scrolls of noise {unknown}
 f - 4 scrolls of magic mapping {unknown}
 g - 2 scrolls of torment {unknown}
 h - a scroll of fog {unknown}
 j - 2 scrolls of enchant weapon {unknown}
 m - 2 scrolls of teleportation
 n - a scroll of vulnerability {unknown}
 t - a scroll of brand weapon {unknown}
 z - a scroll of immolation {unknown}
Potions
 i - a potion of degeneration {unknown}
 l - 3 potions of haste {unknown}
 o - a potion of brilliance {unknown}
 p - 3 potions of curing {unknown}
 r - a potion of mutation {unknown}
 s - a potion of cancellation {unknown}
 v - a potion of flight {unknown}
 w - a potion of heal wounds {unknown}


   Skills:
 + Level 3.4 Fighting
 + Level 3.4 Dodging
 + Level 3.8 Shields
 + Level 3.5 Unarmed Combat


You had 5 spell levels left.
You didn't know any spells.
Your spell library contained the following spells:

 Spells                   Type           Power      Damage    Failure   Level
 Apportation              Tloc           0%         N/A       75%         1
 Beastly Appendage        Tmut           0%         N/A       75%         1
 Wereblood                Tmut           0%         N/A       87%         2
 Spider Form              Tmut/Pois      0%         N/A       98%         3
 Stone Arrow              Conj/Erth      0%         3d7       98%         3
 Animate Armour           Summ/Erth      0%         N/A       100%        4
 Alistair's Intoxication  Tmut/Pois      0%         N/A       100%        5
 Lehudib's Crystal Spear  Conj/Erth      0%         10d2      100%        8


Dungeon Overview and Level Annotations

Branches:
Dungeon (4/15)             Temple (0/1) D:4

Altars:
Dithmenos

Shops:
D:2 ?

Annotations:
D:3 1 runed translucent door, Crazy Yiuf


Innate Abilities, Weirdness & Mutations

You are too large for most types of armour.
You have claws for hands.
Your natural rate of healing is unusually fast.
You are covered in fur. (AC +1)
You have tough skin. (AC +1)


Message History

You are too injured to fight recklessly!
You scratch the jelly.
Your claws burn!
The jelly is moderately wounded.
You block the jelly's attack.
You scratch the jelly.
Your claws burn!
The jelly is heavily wounded.
The jelly closely misses you.
You scratch the jelly but do no damage.
Your claws burn!
The jelly is heavily wounded.
You block the jelly's attack. The jelly hits you but does no damage.
You scratch the jelly.
Your claws burn!
The jelly is heavily wounded.
The jelly barely misses you.
You scratch the jelly.
Your claws burn!
The jelly is heavily wounded.
The jelly hits you.
You are splashed with acid!
You claw the jelly! The acid corrodes you!
Your claws burn!
The jelly is severely wounded.
The jelly hits you.
You are splashed with acid!
* * * LOW HITPOINT WARNING * * *
You scratch the jelly but do no damage. The acid corrodes you!
Your claws burn!
* * * LOW HITPOINT WARNING * * *
The jelly is severely wounded.
You block the jelly's attack.
Unknown command.
You feel very mighty all of a sudden. The jelly hits you.
* * * LOW HITPOINT WARNING * * *
The acid corrodes you!
You are splashed with acid.
* * * LOW HITPOINT WARNING * * *
You scratch the jelly but do no damage.
Your claws burn!
* * * LOW HITPOINT WARNING * * *
The jelly is severely wounded.
The jelly hits you.
* * * LOW HITPOINT WARNING * * *
You are splashed with acid!
* * * LOW HITPOINT WARNING * * *
Unknown command.
You scratch the jelly.
Your claws burn!
You die...

#........#.#######
##......#..........
#......##.#.#######
#......##......#
#......##.#.##.# #
#......##.#.# #
#.#.#......##.#.#
#.............#.#
##.#J@....##....
#........# #.#
#.....#...# #
#$..........#
...#.#........
#.#.#.#.........
#... .........8>8
####.#.#........


You could see a jelly.

Vanquished Creatures
  A scorpion (D:4)
  An orc priest (D:4)
  2 orc wizards (D:3)
  5 adders
  2 worms (D:2)
  2 dart slugs (D:2)
  6 orcs
  10 endoplasms
  3 giant cockroaches
  5 goblins
  8 hobgoblins
  4 jackals (D:1)
  3 quokkas
  9 ball pythons
  8 bats
  2 frilled lizards
  4 kobolds
  3 rats
78 creatures vanquished.

Notes
Turn   | Place    | Note
-------+----------+-------------------------------------------
     0 | D:1      | cforsyth the Troll Fighter began the quest for the Orb.
     0 | D:1      | Reached XP level 1. HP: 22/22 MP: 0/0
   194 | D:1      | Reached XP level 2. HP: 29/29 MP: 1/1
   493 | D:1      | Found a faded altar of an unknown god.
   550 | D:1      | Reached XP level 3. HP: 36/36 MP: 2/2
   806 | D:2      | Found Gigoph's Magic Scroll Boutique.
   820 | D:2      | Bought a scroll of teleportation for 36 gold pieces
   865 | D:2      | Reached XP level 4. HP: 44/44 MP: 3/3
  1527 | D:3      | Reached XP level 5. HP: 37/53 MP: 4/4
  1683 | D:3      | Found a shadowy altar of Dithmenos.
  2022 | D:3      | Found a runed translucent door.
  2023 | D:3      | Noticed Crazy Yiuf
  2520 | D:4      | Reached XP level 6. HP: 33/61 MP: 5/5
  2714 | D:4      | Found a staircase to the Ecumenical Temple.
  2728 | D:4      | HP: 1/61 [acid (7)]
  2729 | D:4      | Splashed by a jelly's acid

Illustrated notes

Levels and vault maps discovered:
D:1:      dpeg_arrival_water_temple_mockup, layout_basic,
          hellmonk_ecumenical_altar_lost_god
D:2:      kennysheep_big_flooded_room, layout_rooms, serial_shops,
          nicolae_shop_statue_plus
D:3:      layout_loops_ring, old_standard_altar, uniq_crazy_yiuf_cottage
D:4:      layout_basic, temple_statues

Skill      XL: |  1  2  3  4 |
---------------+-------------+-----
Shields        | 3 |  3.8
Dodging        | 3 |  3.4
Fighting       | 3 |  3.4
Unarmed Combat | 3 |  3.5

Action                   |  1- 3 |  4- 6 || total
-------------------------+-------+-------++-------
Melee: Unarmed           |    89 |   123 ||   212
  Use: Potion            |       |     1 ||     1
 Stab: Sleeping          |     1 |       ||     1
Armor: Robe              |    30 |    30 ||    60
Dodge: Dodged            |    24 |    34 ||    58
Block: Kite shield       |    18 |    35 ||    53

Table legend: (Time is in decaauts)
 A = Elapsed time spent in this place.
 B = Non-inter-level travel time spent in this place.
 C = Inter-level travel time spent in this place.
 D = Time resting spent in this place.
 E = Time spent auto-exploring this place.
 F = Levels seen in this place.
 G = Mean time per level.
                   A        B        C        D        E       F      G
               +--------+--------+--------+--------+--------+-----+--------+
         Total |   2745 |   2619 |    126 |      0 |   2108 |   4 |  686.2 |
       Dungeon |   2745 |   2619 |    126 |      0 |   2108 |   4 |  686.2 |
               +--------+--------+--------+--------+--------+-----+--------+

Top non-repeatable levels by time:
     D:3: 928 daAuts
     D:1: 710 daAuts
     D:4: 628 daAuts
     D:2: 478 daAuts
